 Dungeon Crawl Stone Soup version 0.30.1-4-g462c640d31 (webtiles) character file.

Game seed: 13641302406278340242

414 Bobit the Chopper (level 6, 0/35 (51) HPs)
             Began as a Gnoll Reaver on Aug 14, 2023.
             Was an Initiate of Yredelemnul.
             Slain by Pikel
             ... wielding a +1 whip of flaming
              (4 damage)
             ... on level 3 of the Dungeon.
             The game lasted 00:08:05 (3203 turns).

Bobit the Chopper (Gnoll Reaver)                    Turns: 3203, Time: 00:08:06

HP:   0/35 (51)     AC:  8    Str: 13    XL:     6   Next: 91%
MP:   9/14          EV:  7    Int: 12    God:    Yredelemnul [......]
Gold: 184           SH:  0    Dex: 11    Spells: 10/16 levels left

rFire   . . .        q - +1 dagger (speed)
rCold   . . .        (no shield)
rNeg    . . .        e - +0 chain mail
rPois   .            (no helmet)
rElec   .            (no cloak)
rCorr   .            (no gloves)
SInv    .            (no boots)
Will    .....        (no amulet) Stlth
                     (no ring)
HPRegen 0.25/turn    (no ring)
MPRegen 0.14/turn

%: no passive effects
@: very slightly contaminated, slowed, very heavily drained, very slow
A: fangs 1, strong nose, distributed training
a: Renounce Religion, Recall Undead Harvest


You were on level 3 of the Dungeon.
You worshipped Yredelemnul.
Yredelemnul was noncommittal.
You visited 1 branch of the dungeon, and saw 4 of its levels.

You collected 184 gold pieces.

Inventory:

Hand Weapons
 a - a +0 hand axe
 q - a +1 dagger of speed (weapon)
Armour
 b - a +0 leather armour
 e - a +0 chain mail (worn)
Jewellery
 k - a +6 ring of dexterity
Scrolls
 c - a scroll of immolation {unknown}
 d - a scroll of fear {unknown}
 g - a scroll of amnesia {unknown}
 l - a scroll of blinking {unknown}
 n - a scroll of acquirement {unknown}
 p - a scroll of identify {unknown}
Potions
 f - a potion of resistance {unknown}
 h - a potion of heal wounds
 i - 2 potions of might {unknown}
 j - a potion of haste
 m - 2 potions of ambrosia {unknown}
 o - a potion of curing {unknown}


   Skills:
 + Level 5.1 Fighting
 + Level 2.2 Short Blades
 + Level 2.2 Long Blades
 + Level 6.9 Axes
 + Level 2.2 Maces & Flails
 + Level 2.2 Polearms
 + Level 2.2 Staves
 + Level 2.2 Ranged Weapons
 + Level 2.2 Throwing
 + Level 2.2 Armour
 + Level 5.1 Dodging
 + Level 2.2 Stealth
 + Level 2.2 Shields
 + Level 2.2 Unarmed Combat
 + Level 5.5 Spellcasting
 + Level 5.7 Conjurations
 + Level 1.8 Hexes
 + Level 1.8 Summonings
 + Level 1.8 Necromancy
 + Level 1.8 Translocations
 + Level 1.8 Transmutations
 + Level 1.8 Fire Magic
 + Level 1.8 Ice Magic
 + Level 1.8 Air Magic
 + Level 1.8 Earth Magic
 + Level 1.8 Poison Magic
 + Level 2.5 Invocations
 + Level 2.2 Evocations


You had 10 spell levels left.
You knew the following spells:

 Your Spells              Type           Power      Damage    Failure   Level
a - Kiss of Death         Conj/Necr      48%        2d9       63%         1
b - Momentum Strike       Conj/Tloc      24%        3d8       77%         2
c - Hailstorm             Conj/Ice       12%        3d5       94%         3

Your spell library contained the following spells:

 Spells                   Type           Power      Damage    Failure   Level
 Necrotise                Necr           28%        1d5       88%         1
 Vampiric Draining        Necr           7%         2d6       99%         3
 Agony                    Necr           7%         N/A       100%        5


Dungeon Overview and Level Annotations

Branches:
Dungeon (4/15)             Temple (0/1) D:4

Altars:
Yredelemnul

Shops:
D:1 [

Annotations:
D:3 Pikel
D:4 Menkaure, Robin


Innate Abilities, Weirdness & Mutations

You have very sharp teeth.
Your uncanny sense of smell can sniff out nearby items.
Your experience applies equally to all skills.


Message History

Aiming: Kiss of Death (safe; 63% risk of failure)
Press: ? - help, Shift-Dir - straight line, f/p - Natasha
Aim: Natasha (fast, 100% to hit)
You miscast Kiss of Death.
Nothing appears to happen.
Natasha claws you. Pikel hits you but does no damage.
Natasha howls an incantation.
Natasha glows brightly for a moment.
Natasha barely misses you.
The cerulean imp hits you but does no damage.
Pikel hits you with a +1 whip of flaming.
Pikel burns you.
Casting: Kiss of Death (safe; 63% risk of failure)
Confirm with . or Enter, or press ? or * to list all spells.
Aiming: Kiss of Death (safe; 63% risk of failure)
Press: ? - help, Shift-Dir - straight line, f/p - Natasha
Aim: Natasha (fast, 100% to hit)
The negative energy hits Natasha!
Natasha is drained!
Natasha is almost dead.
You feel drained. Natasha claws you but does no damage.
The cerulean imp hits you but does no damage.
Natasha claws you but does no damage. Pikel barely misses you.
Natasha claws you.
The cerulean imp hits you from afar with a +2 spear.
Casting: Kiss of Death (safe; 63% risk of failure)
Confirm with . or Enter, or press ? or * to list all spells.
Aiming: Kiss of Death (safe; 63% risk of failure)
Press: ? - help, Shift-Dir - straight line, f/p - Natasha
Aim: Natasha (almost dead, fast, heavily drained, 100% to hit)
The negative energy hits Natasha!
Natasha is drained!
You kill Natasha!
You feel Natasha's spirit has finally been put to rest.
The cerulean imp disappears in a puff of smoke!
You feel drained.
The dead are walking!
Pikel hits you with a +1 whip of flaming!
Pikel burns you.
Pikel hits you with a +1 whip of flaming!
* * * LOW HITPOINT WARNING * * *
Pikel burns you.
You die...
Your body rises from the dead as a mindless zombie.

#.#..'.....#.# #.####.......#
#.#..#.....#.# #...Z'.......#
#.#..#.....#.# #)####.......#
#.....<....#.# #.# #Z......#
#............# #.# #.......##
#.##.#.#+#.#####.####.........
#.##.#....Z§.##>..(...........
#.##Z#.....#.##...............
#.##.#.......@K5..###)........
#.##.#.....#.##.......##...#..
#.##.#.....#'#####....##...###
#Z##.##...Z......#....##...# #
#.##.##..........#.....#####
#....##......)...#.......# #
##########..........#....##.#
###
#...Z...Z'..........#....##.#
#..
#.########...##+#####....##.#
###


You could see Pikel (ally target), a lemure and the friendly Natasha the felid
zombie.

Vanquished Creatures
  A hound (D:3)
  An orc priest (D:3)
  An orc wizard (D:3)
  2 iguanas
  Natasha (twice) (D:3)
  2 adders (D:3)
  3 worms (D:3)
  A dart slug (D:3)
  5 orcs (D:3)
  6 bats
  8 endoplasms
  4 giant cockroaches
  10 goblins
  7 hobgoblins
  5 kobolds
  5 quokkas
  4 ball pythons
  3 frilled lizards
  11 rats
81 creatures vanquished.

Vanquished Creatures (collateral kills)
  A black bear (D:3)
  An orc priest (D:4)
  Natasha (D:4)
  An orc (D:3)
4 creatures vanquished.

Vanquished Creatures (others)
  An iguana zombie (D:4)
  A hobgoblin zombie (D:4)
2 creatures vanquished.

Grand Total: 87 creatures vanquished

Notes
Turn   | Place    | Note
-------+----------+-------------------------------------------
     0 | D:1      | Bobit the Gnoll Reaver began the quest for the Orb.
     0 | D:1      | Reached XP level 1. HP: 20/20 MP: 6/6
    99 | D:1      | Reached XP level 2. HP: 26/26 MP: 7/7
   285 | D:1      | Reached skill level 5 in Spellcasting
   285 | D:1      | Reached XP level 3. HP: 31/31 MP: 7/9
   312 | D:1      | Found Dadec's Antique Armour Boutique.
   767 | D:2      | Reached skill level 1 in Invocations
   952 | D:2      | Learned a level 2 spell: Momentum Strike
   956 | D:2      | Learned a level 3 spell: Hailstorm
  1024 | D:2      | You fall into a shaft and drop 1 floor!
  1113 | D:3      | Reached skill level 1 in Short Blades
  1113 | D:3      | Reached skill level 1 in Long Blades
  1113 | D:3      | Reached skill level 1 in Maces & Flails
  1113 | D:3      | Reached skill level 1 in Polearms
  1113 | D:3      | Reached skill level 1 in Staves
  1113 | D:3      | Reached skill level 1 in Ranged Weapons
  1113 | D:3      | Reached skill level 1 in Throwing
  1113 | D:3      | Reached skill level 1 in Armour
  1113 | D:3      | Reached skill level 1 in Stealth
  1113 | D:3      | Reached skill level 1 in Shields
  1113 | D:3      | Reached skill level 1 in Unarmed Combat
  1113 | D:3      | Reached skill level 1 in Evocations
  1235 | D:3      | Reached XP level 4. HP: 36/38 MP: 11/11
  1418 | D:3      | Reached skill level 1 in Hexes
  1418 | D:3      | Reached skill level 1 in Summonings
  1418 | D:3      | Reached skill level 1 in Necromancy
  1418 | D:3      | Reached skill level 1 in Translocations
  1418 | D:3      | Reached skill level 1 in Transmutations
  1418 | D:3      | Reached skill level 1 in Fire Magic
  1418 | D:3      | Reached skill level 1 in Ice Magic
  1418 | D:3      | Reached skill level 1 in Air Magic
  1418 | D:3      | Reached skill level 1 in Earth Magic
  1418 | D:3      | Reached skill level 1 in Poison Magic
  1591 | D:3      | Found a basalt altar of Yredelemnul.
  1608 | D:3      | Reached XP level 5. HP: 27/43 MP: 12/12
  1619 | D:3      | Became a worshipper of Yredelemnul the Dark
  2089 | D:4      | Found a staircase to the Ecumenical Temple.
  2208 | D:4      | Noticed Natasha
  2214 | D:4      | Killed Natasha
  2289 | D:4      | Noticed a black bear
  2290 | D:4      | Noticed Menkaure
  2294 | D:4      | Noticed Robin
  2295 | D:4      | Reached XP level 6. HP: 44/50 MP: 13/13
  2313 | D:4      | Noticed Natasha
  2376 | D:3      | Reached skill level 5 in Fighting
  2376 | D:3      | Reached skill level 5 in Dodging
  2959 | D:3      | Killed Natasha
  2972 | D:3      | Killed a black bear
  3139 | D:4      | Noticed Pikel
  3189 | D:3      | Noticed Natasha
  3203 | D:3      | Killed Natasha
  3203 | D:3      | Slain by Pikel

Illustrated notes

Levels and vault maps discovered:
D:1:      saegor_arrival_under_anarchy, layout_basic, serial_shops,
          nicolae_shop_rolling_square
D:2:      layout_loops_ring
D:3:      layout_basic, mainiacjoe_overflow_boulevard, serial_curves,
          eino_curves_01, eino_curves_03, minmay_quantized
D:4:      layout_cave_pools, minmay_temple_entry_overgrown,
          hangedman_decor_points, uniq_natasha, uniq_blork_the_orc, uniq_robin,
          uniq_menkaure, uniq_pikel

Skill      XL: |  1  2  3  4  5  6 |
---------------+-------------------+-----
Spellcasting   | 5 |  5.5
Invocations    | 1 2 |  2.5
Short Blades   | 1 2 |  2.2
Long Blades    | 1 2 |  2.2
Maces & Flails | 1 2 |  2.2
Polearms       | 1 2 |  2.2
Staves         | 1 2 |  2.2
Ranged Weapons | 1 2 |  2.2
Throwing       | 1 2 |  2.2
Armour         | 1 2 |  2.2
Stealth        | 1 2 |  2.2
Shields        | 1 2 |  2.2
Unarmed Combat | 1 2 |  2.2
Evocations     | 1 2 |  2.2
Hexes          | 1 |  1.8
Summonings     | 1 |  1.8
Necromancy     | 1 |  1.8
Translocations | 1 |  1.8
Transmutations | 1 |  1.8
Fire Magic     | 1 |  1.8
Ice Magic      | 1 |  1.8
Air Magic      | 1 |  1.8
Earth Magic    | 1 |  1.8
Poison Magic   | 1 |  1.8
Fighting       | 5 |  5.1
Dodging        | 5 |  5.1
Axes           | |  6.9
Conjurations   | |  5.7

Action                     |  1- 3 |  4- 6 || total
---------------------------+-------+-------++-------
  Melee: Hand axe          |   111 |   112 ||   223
         Bite              |     6 |    15 ||    21
         Punch             |     2 |     3 ||     5
         Dagger            |       |    43 ||    43
   Cast: Kiss of Death     |       |     3 ||     3
         Momentum Strike   |       |     1 ||     1
    Use: Potion            |       |     2 ||     2
 Armour: Leather armour    |     6 |       ||     6
         Chain mail        |    53 |   127 ||   180
  Dodge: Dodged            |    46 |    90 ||   136
